 Dungeon Crawl Stone Soup version 0.30.0-29-ga12c61a403 (webtiles) character file.

Game seed: 9516204240402653556

243 safid the Chiller (level 6, -4/41 (47) HPs)
             Began as a Merfolk Ice Elementalist on June 15, 2023.
             Slain by a wight
             ... wielding a +1 long sword
              (15 damage)
             ... on level 7 of the Dungeon.
             The game lasted 00:05:07 (3023 turns).

safid the Chiller (Merfolk Ice Elementalist)        Turns: 3023, Time: 00:05:08

HP:   -4/41 (47)    AC:  3    Str:  9    XL:     6   Next: 9%
MP:   3/11          EV: 12    Int: 22    God:
Gold: 86            SH:  0    Dex: 14    Spells: 5/12 levels left

rFire   . . .        k - +3 spear (flame)
rCold   . . .        (no shield)
rNeg    . . .        a - +0 robe
rPois   .            o - +0 helmet
rElec   .            (no cloak)
rCorr   .            (no gloves)
SInv    .            (no boots)
Will    .....        (no amulet)
Stlth   ++           g - +6 ring of intelligence
HPRegen 0.26/turn    (no ring)
MPRegen 0.12/turn

%: no passive effects
@: marked, heavily drained
A: (nimble swimmer 2), mertail
a: no special abilities


You were on level 7 of the Dungeon.
You visited 1 branch of the dungeon, and saw 5 of its levels.

You collected 194 gold pieces.
You spent 108 gold pieces at shops.

Inventory:

Hand Weapons
 k - a +3 spear of flaming (weapon)
Armour
 a - a +0 robe (worn)
 o - a +0 helmet (worn)
Jewellery
 g - a +6 ring of intelligence (left hand)
 h - a ring of ice
 p - a +5 ring of evasion
Scrolls
 c - 3 scrolls of identify {unknown}
 d - a scroll of teleportation {unknown}
 f - a scroll of noise {unknown}
 i - 2 scrolls of enchant weapon {unknown}
 l - 3 scrolls of immolation {unknown}
 m - a scroll of blinking {unknown}
 q - a scroll of brand weapon {unknown}
 r - a scroll of fog {unknown}
 s - a scroll of fear {unknown}
 t - a scroll of poison {unknown}
 u - a scroll of enchant armour {unknown}
Potions
 b - a potion of magic
 e - 2 potions of heal wounds
 j - 2 potions of brilliance {unknown}
 n - 3 potions of curing
 v - a potion of cancellation {unknown}


   Skills:
 + Level 3.4 Fighting
 - Level 2.6 Dodging
 - Level 2.1 Stealth
 + Level 3.6 Spellcasting
 + Level 5.8 Ice Magic


You had 5 spell levels left.
You knew the following spells:

 Your Spells              Type           Power      Damage    Failure   Level
a - Freeze                Ice            100%       1d10      1%          1
b - Frozen Ramparts       Ice            58%        1d9       3%          3
c - Ozocubu's Armour      Ice            29%        N/A       3%          3

Your spell library contained the following spells:

 Spells                   Type           Power      Damage    Failure   Level
 Beastly Appendage        Tmut           6%         N/A       12%         1
 Wereblood                Tmut           3%         N/A       19%         2
 Spider Form              Tmut/Pois      3%         N/A       34%         3
 Summon Ice Beast         Ice/Summ       16%        N/A       34%         4


Dungeon Overview and Level Annotations

Branches:
Dungeon (4/15)
 Temple: D:4-7

Altars:

Shops:
D:2 !


Innate Abilities, Weirdness & Mutations

((You are very nimble when in or above water. (Stealth+, EV+, Speed+++)))
Your lower body shifts to a powerful aquatic tail in water.


Message History

The wight misses you.
The wight resists.
The wall freezes the wight.
The wight barely misses you.
Unknown command.
You hit the wight. You burn the wight.
The wight is almost destroyed.
The wight completely resists.
The wall freezes the wight but does no damage.
The wight completely resists.
The wall freezes the wight but does no damage.
The wight closely misses you.
The wall freezes the wight but does no damage.
The wight barely misses you.
The wight resists.
The wall freezes the wight.
The wight completely resists.
The wall freezes the wight but does no damage.
The wight completely resists.
The wall freezes the wight but does no damage.
The wight barely misses you.
The wight completely resists.
The wall freezes the wight but does no damage.
Your icy armour and frozen ramparts will break if you move.
Continue?
The wight attacks as you move away! The wight misses you.
The wight attacks as you move away! The wight barely misses you.
Your icy armour cracks and falls away as you move.
The frozen ramparts melt away as you move.
The wight attacks as you move away!
The wight hits you with a +3 hand axe of freezing.
You feel drained. The wight freezes you. The wight attacks as you move away!
The wight barely misses you. The wight closely misses you.
The wight attacks as you move away! The wight closely misses you.
The wight pulls the alarm!
The alarm trap emits a blaring wail!
A sentinel's mark forms upon you.
You hear a shout! x3; You hear an angry buzzing noise.
You hear a croak.
You hear a shout! x2; You hear a loud, deep croak!
You hear a shout!
The wight barely misses you. The wight hits you with a +2 halberd!
* * * LOW HITPOINT WARNING * * *
Unknown command.
The wight attacks as you move away! The wight barely misses you. x2
The wight attacks as you move away!
The wight hits you with a +1 long sword!
You die...

#########
#.......#
#.......#
#.......#
#.......#
#.......# .
#..zz...####...#
##zz##.......#
#.@##..........
#..########.###
#..# .$ #..# #
...# ###.# #.#
..#


You could see 4 wights.

Vanquished Creatures
  A bullfrog (D:7)
  An orc priest (D:3)
  Robin (D:2)
  3 adders
  A worm (D:3)
  2 dart slugs
  7 orcs (D:3)
  6 bats
  7 endoplasms
  2 giant cockroaches
  12 goblins
  14 hobgoblins
  11 jackals
  3 quokkas
  6 ball pythons
  3 frilled lizards
  7 kobolds
  4 rats
91 creatures vanquished.

Notes
Turn   | Place    | Note
-------+----------+-------------------------------------------
     0 | D:1      | safid the Merfolk Ice Elementalist began the quest for the
                  | Orb.
     0 | D:1      | Reached XP level 1. HP: 13/13 MP: 3/3
   248 | D:1      | Reached XP level 2. HP: 20/20 MP: 3/5
   346 | D:1      | Reached skill level 1 in Fighting
  1041 | D:2      | Reached XP level 3. HP: 26/26 MP: 3/6
  1123 | D:2      | Learned a level 3 spell: Frozen Ramparts
  1127 | D:2      | Learned a level 3 spell: Ozocubu's Armour
  1377 | D:2      | Found Sukoxeekawk's Distillery.
  1430 | D:2      | Bought a potion of curing for 36 gold pieces
  1430 | D:2      | Bought a potion of degeneration for 12 gold pieces
  1466 | D:2      | Reached skill level 5 in Ice Magic
  1576 | D:2      | Reached XP level 4. HP: 33/33 MP: 8/8
  1758 | D:2      | Noticed Robin
  1771 | D:2      | Killed Robin
  2236 | D:3      | Reached XP level 5. HP: 34/39 MP: 9/9
  2899 | D:2      | Bought a potion of heal wounds for 60 gold pieces
  2990 | D:4      | You fall into a shaft and drop 3 floors!
  3003 | D:7      | Reached XP level 6. HP: 45/47 MP: 7/11
  3023 | D:7      | Slain by a wight

Illustrated notes

Levels and vault maps discovered:
D:1:      amcnicky_arrival_double_pillar, layout_basic
D:2:      layout_loops_cross, serial_shops, nicolae_shop_advertising_works
          [nicolae_subvault_shop_adworks], grunt_decor_mini_mirrors,
          kennysheep_generic_room_4, uniq_robin
D:3:      layout_loops_ring
D:4:      layout_basic, nicolae_ossuary_entry_giza, minmay_stone_trees_small,
          wad_floor_pattern_1, minmay_snake_closets
D:7:      layout_rooms, nicolae_ashenzari_skybound, uniq_prince_ribbit1

Skill      XL: |  1  2  3  4  5 |
---------------+----------------+-----
Fighting       | 1 2 3 |  3.4
Ice Magic      | 5 |  5.8
Spellcasting   | 3 |  3.6
Dodging        | |  2.6
Stealth        | |  2.1

Action                     |  1- 3 |  4- 6 || total
---------------------------+-------+-------++-------
  Melee: Unarmed           |    19 |       ||    19
         Dagger            |    36 |       ||    36
         Spear             |    28 |   115 ||   143
         Punch             |       |     1 ||     1
   Cast: Freeze            |    32 |     1 ||    33
         Frozen Ramparts   |       |     9 ||     9
         Ozocubu's Armour  |       |     2 ||     2
   Stab: Sleeping          |     9 |     8 ||    17
 Armour: Robe              |    25 |    16 ||    41
  Dodge: Dodged            |    66 |    77 ||   143
